 Dungeon Crawl Stone Soup version 0.29.1-1-gd02db69 (webtiles) character file.

Game seed: 8063308975078170160

78 Timinator the Insei (level 3, 0/28 HPs)
             Began as a Demigod Transmuter on Jan 20, 2023.
             Succumbed to an adder's poison
             ... on level 2 of the Dungeon.
             The game lasted 00:04:09 (2375 turns).

Timinator the Insei (Demigod Transmuter)            Turns: 2375, Time: 00:04:10

Health: 0/28       AC:  3    Str: 11    XL:     3   Next: 94%
Magic:  9/9        EV: 12    Int: 15    God:
Gold:   117        SH:  0    Dex: 18    Spells: 5/6 levels left

rFire   . . .      SeeInvis .     - Unarmed
rCold   . . .      Faith    .   (no shield)
rNeg    . . .      Spirit   .   f - +0 leather armour
rPois   .          Reflect  .   (helmet currently unavailable)
rElec   .          Harm     .   (no cloak)
rCorr   .          Rampage  .   (no gloves)
Will    .....                   (boots currently unavailable)
Stlth   +.........              (no amulet)
HPRegen 0.09/turn               (no ring)
MPRegen 0.11/turn               (no ring)

@: brilliant, lethally poisoned (0 -> -3), appendages (expiring)
A: horns 2, talons 2, high MP 1, forlorn, divine attributes
a: End Transformation


You were on level 2 of the Dungeon.
You had temporarily grown beastly horns and talons.
You visited 1 branch of the dungeon, and saw 2 of its levels.

You collected 117 gold pieces.

Inventory:

Missiles
 j - 2 poisoned darts (quivered)
Armour
 f - a +0 leather armour (worn)
 k - a +0 helmet (melded)
Scrolls
 c - 9 scrolls of identify {unknown}
 d - a scroll of vulnerability {unknown}
 i - a scroll of summoning {unknown}
 l - a scroll of blinking {unknown}
Potions
 b - a potion of invisibility {unknown}
 e - a potion of magic {unknown}


   Skills:
 + Level 1.4 Fighting
 + Level 0.8 Armour
 + Level 2.2 Dodging
 * Level 3.2 Unarmed Combat
 * Level 2.4 Spellcasting
 + Level 2.1 Transmutations


You had 5 spell levels left.
You knew the following spells:

 Your Spells              Type           Power      Damage    Failure   Level
a - Beastly Appendage     Tmut           24%        N/A       12%         1

Your spell library contained the following spells:

 Spells                   Type           Power      Damage    Failure   Level
 Wereblood                Tmut           12%        N/A       19%         2
 Magic Dart               Conj           8%         1d3       28%         1
 Call Imp                 Summ           2%         N/A       38%         2
 Spider Form              Tmut/Pois      7%         N/A       50%         3
 Mephitic Cloud           Conj/Pois/Air  2%         N/A       63%         3
 Ice Form                 Ice/Tmut       7%         N/A       88%         4


Dungeon Overview and Level Annotations

Branches:
Dungeon (2/15)


Innate Abilities, Weirdness & Mutations

You have temporarily grown beastly horns and talons.
You have an increased reservoir of magic. (+10% MP)
You shall have no god before yourself.
Your divine heritage dramatically boosts your attributes as you level up.


Message History

The adder attacks as you move away! The adder bites you.
You are more poisoned.
The adder poisons you! The rat attacks as you move away! The rat bites you.
You feel sick.
You barely miss the adder. Your headbutt misses the adder.
The adder is severely wounded.
You feel sick. The adder barely misses you. The adder bites you.
You are more poisoned.
The adder poisons you!
You closely miss the adder.
The adder is severely wounded.
You feel very sick. The adder closely misses you.
You barely miss the adder.
The adder is severely wounded.
You feel sick. The adder bites you.
You are lethally poisoned!
The adder poisons you!
You hit the adder.
You kill the adder!
You feel sick.
You hit the rat.
You kill the rat!
Your transformation is almost over.
* * * LOW HITPOINT WARNING * * *
You feel very sick.
* * * LOW HITPOINT WARNING * * *
You feel sick.
You see here a rat corpse.
There is a lethal amount of poison in your body!
There is a lethal amount of poison in your body!
* * * LOW HITPOINT WARNING * * *
You feel sick.
* * * LOW HITPOINT WARNING * * *
You feel sick.
* * * LOW HITPOINT WARNING * * *
You feel sick.
It was a potion of brilliance.
You feel clever all of a sudden.
You die...

###. #. ### .#
#. #.. #. #.#
#. ####### #.#
# ###. .......
..# .## #...
#######
#.####.##...##
.###.#.
#.........>...
....... #@#
.######
########.# #
.........# #
########.###
#.....######
######
#.........<#
#..... ######
#.....####.#
#.#### ......
#.....# #.#
#.# ######
#.....# #.#
#.#


There were no monsters in sight!

Vanquished Creatures
  3 gnolls (D:2)
  2 adders (D:2)
  3 bats (D:1)
  An endoplasm (D:2)
  A giant cockroach (D:2)
  3 goblins (D:1)
  3 hobgoblins
  6 ball pythons
  3 frilled lizards
  3 kobolds (D:1)
  4 rats
32 creatures vanquished.

Notes
Turn   | Place    | Note
-------+----------+-------------------------------------------
     0 | D:1      | Timinator the Demigod Transmuter began the quest for the
                  | Orb.
     0 | D:1      | Reached XP level 1. HP: 15/15 MP: 5/5
   476 | D:1      | Reached skill level 1 in Fighting
   590 | D:1      | Reached XP level 2. HP: 19/23 MP: 5/7
  1360 | D:2      | HP: 1/23 [poisoned by an adder]
  1364 | D:2      | Reached skill level 3 in Unarmed Combat
  1745 | D:2      | Reached XP level 3. HP: 23/28 MP: 6/8
  2373 | D:2      | HP: 1/28 [poisoned by an adder]
  2375 | D:2      | Succumbed to an adder's poison

Illustrated notes

Levels and vault maps discovered:
D:1:      minmay_arrival_four_loops, layout_loops_corners,
          basic_ecumenical_altar, minmay_misc_feat_doors
D:2:      layout_loops_ring, uniq_sigmund

Skill      XL: |  1  2 |
---------------+-------+-----
Fighting       | 1 |  1.4
Spellcasting   | 2 |  2.4
Dodging        | 2 |  2.2
Unarmed Combat | 3 |  3.2
Transmutations | 2 |  2.1
Armour         | |  0.8

Action                   || total
-------------------------++-------
Melee: Unarmed           ||    90
       Headbutt          ||     9
       Kick              ||    14
Throw: Dart              ||     2
 Cast: Beastly Appendage ||    26
  Use: Potion            ||     4
Armor: Robe              ||    15
       Skin              ||     2
Dodge: Dodged            ||    62
